 Dungeon Crawl Stone Soup version 0.26-a0-540-g8a0c9464d7 (webtiles) character file.

Game seed: 16150301227957217593

53 Inarius the Skirmisher (level 3, 0/30 HPs)
             Began as a Mummy Wanderer on Aug 23, 2020.
             Slain by an orc warrior
             ... wielding a +0 scimitar
              (6 damage)
             ... on level 1 of the Dungeon.
             The game lasted 00:01:12 (1146 turns).

Inarius the Skirmisher (Mummy Wanderer)             Turns: 1146, Time: 00:01:13

Health: 0/30       AC:  4    Str: 18    XL:     3   Next: 64%
Magic:  0/3        EV: 11    Int:  9    God:
Gold:   35         SH:  0    Dex: 11    Spells: 2/2 levels left

rFire    x . .     SeeInvis .   a - +2 quarterstaff
rCold    + . .     Faith    .   (shield currently unavailable)
rNeg     + + +     Spirit   +   j - +0 leather armour
rPois    ∞         Reflect  .   (no helmet)
rElec    .         Harm     .   (no cloak)
rCorr    .                      h - +0 pair of gloves
MR       .....                  (no boots)
Stlth    +.........             f - amulet of guardian spirit
HPRegen  0.10/turn              (no ring)
MPRegen  0.08/turn              (no ring)

@: no status effects
A: no potions, fire vulnerability, cold resistance 1, negative energy resistance
3, torment resistance, unbreathing
a: no special abilities


You were on level 1 of the Dungeon.
You visited 1 branch of the dungeon, and saw 2 of its levels.

You collected 35 gold pieces.

Inventory:

Hand Weapons
 a - a +2 quarterstaff (weapon)
Armour
 h - a +0 pair of gloves (worn)
 j - a +0 leather armour (worn)
Jewellery
 f - an amulet of guardian spirit (around neck)
Scrolls
 b - 2 scrolls of teleportation
 c - a scroll of fog {unknown}
 d - a scroll of magic mapping {unknown}
 e - 3 scrolls of identify {unknown}
 g - a scroll of enchant weapon {unknown}
 i - a scroll of remove curse {unknown}


   Skills:
 + Level 4.1 Fighting
   Level 1.0 Short Blades
 - Level 2.4 Staves
 - Level 1.0 Throwing
 * Level 1.2 Armour
 - Level 1.0 Dodging
 + Level 0.5 Stealth
   Level 1.0 Shields


You had 2 spell levels left.
You didn't know any spells.
Your spell library was empty.

Dungeon Overview and Level Annotations

Branches:
Dungeon (2/15)

Altars:


Innate Abilities, Weirdness & Mutations

You do not drink.
Your flesh is vulnerable to fire.
You are immune to poison.
Your flesh is cold resistant. (rC+)
You are immune to negative energy. (rN+++)
You are immune to unholy pain and torment.
You can survive without breathing.


Message History

Done exploring.
(D) Dungeon
Where to? (Enter - D:1 @ (x,y), ? - help)
Things that are here:
a +0 hand axe; a +0 leather armour; an orc skeleton
There is a stone staircase leading down here.
You climb downwards.
The orc warrior hits you with a +0 scimitar!
The orc hits you with a +0 flail.
There is a stone staircase leading up here.
Unknown command.
The orc warrior hits you with a +0 scimitar!!
Ouch! That really hurt!
* * * LOW HITPOINT WARNING * * *
The orc hits you but does no damage.
You climb upwards.
There is a stone staircase leading down here.
Unknown command.
The orc warrior hits you with a +0 scimitar.
You die...

##.##########.# #.# #.# #.#
#.# #.# #.# #.#
#.##########.######## #.#
#...................# #.#
############.######.# #.#
#........o.#.######.#####.#
#.########>o...............
#.# #@#.#.#.#.######## #.#
#.#.#.#.#.# ### #.#
#.#.#)#.#.######.. #.#
#...).....)....+.. #.#
#.#.#.#.#.######.. #.#
#...#.#.#.# #..
##.############.#.#.# #..
#...............#.#.# #..
#################.#.# ###


You could see an orc warrior and an orc.

Vanquished Creatures
  An orc priest (D:1)
  An ooze (D:1)
  A dart slug (D:1)
  A ball python (D:1)
  3 bats
  4 hobgoblins (D:1)
  A frilled lizard (D:1)
  2 goblins (D:1)
  3 kobolds (D:1)
  3 rats (D:1)
20 creatures vanquished.

Notes
Turn   | Place    | Note
-------+----------+-------------------------------------------
     0 | D:1      | Inarius the Mummy Wanderer began the quest for the Orb.
     0 | D:1      | Inarius set off with the following items: a +2
                  | quarterstaff, 2 scrolls of teleportation, a +0 robe
     0 | D:1      | Reached XP level 1. HP: 18/18 MP: 1/1
   600 | D:1      | Reached XP level 2. HP: 20/24 MP: 2/2
   722 | D:1      | You fall into a shaft and drop 1 floor!
   759 | D:2      | Noticed an orc warrior
   767 | D:1      | Reached skill level 4 in Fighting
   767 | D:1      | Reached skill level 1 in Armour
   767 | D:1      | Reached XP level 3. HP: 27/30 MP: 3/3
  1146 | D:1      | Slain by an orc warrior

Illustrated notes

Levels and vault maps discovered:
D:1:      minmay_arrival_solitary_statue, layout_basic
D:2:      layout_basic

Skill      XL: |  1  2 |
---------------+-------+-----
Fighting       | 4 |  4.1
Armour         | 1 |  1.2
Short Blades   | |  1.0
Staves         | |  2.4
Throwing       | |  1.0
Dodging        | |  1.0
Stealth        | |  0.5
Shields        | |  1.0

Action                   || total
-------------------------++-------
Melee: Quarterstaff      ||    47
 Stab: Sleeping          ||     1
Armor: Robe              ||     6
       Leather armour    ||     7
Dodge: Dodged            ||    24

Table legend: (Time is in decaauts)
 A = Elapsed time spent in this place.
 B = Non-inter-level travel time spent in this place.
 C = Inter-level travel time spent in this place.
 D = Time resting spent in this place.
 E = Time spent auto-exploring this place.
 F = Levels seen in this place.
 G = Mean time per level.
                   A        B        C        D        E       F      G
               +--------+--------+--------+--------+--------+-----+--------+
         Total |   1155 |   1100 |     55 |      0 |    928 |   2 |  577.5 |
       Dungeon |   1155 |   1100 |     55 |      0 |    928 |   2 |  577.5 |
               +--------+--------+--------+--------+--------+-----+--------+

Top non-repeatable levels by time:
     D:1: 1113 daAuts
     D:2: 42 daAuts
